Map: Costas tropicales

Players

MrFercho - Winner!

  • Race: Zerg Zerg
  • League: Silver
  • Spawn Location: 0:00

tigro

  • Race: Terran Terran
  • Spawn Location: 5:00

VOD

Have the link to the VOD?

Description

Time

  • Played on: May 10, 2020, 7:30 p.m.
  • Length: 13:07
Show
View Real Time Build Order
Export as new Build Order

MrFercho Zerg - Winner!

Build Orders: Pool First 

Get SALT Encoding   

  12  0:01  Drone  
  13  0:10  Drone  
  14  0:16  Extractor  
  14  0:19  Drone  
  14  0:20  Extractor  
  13  0:29  Overlord  
  13  0:34  Drone  
  14  0:48  Drone  
  14  0:49  Drone  
  16  0:59  Drone  
  17  1:06  Drone  
  18  1:15  Spawning Pool  
  18  1:25  Drone  
  18  1:35  Drone  
  19  1:46  Drone  
  20  1:49  Drone  
  21  2:02  Hatchery  
  21  2:04  Drone  
  21  2:11  Metabolic Boost  
  21  2:15  Zergling x2  
  22  2:29  Overlord  
  22  2:49  Queen, Roach Warren  
  23  2:52  Drone x2  
  25  2:59  Drone  
  26  3:05  Zergling x2  
  26  3:36  Drone  
  26  3:37  Drone x2  
  29  3:43  Roach  
  29  3:44  Roach x2  
  34  3:55  Lair  
  34  3:59  Zergling x2  
  35  4:10  Drone  
  35  4:12  Overlord x2  
  36  4:20  Extractor  
  36  4:22  Extractor, Drone x2  
  36  4:24  Overlord  
  36  4:25  Overlord  
  36  4:31  Drone  
  37  4:53  Zergling x6  
  40  5:11  Evolution Chamber  
  40  5:12  Evolution Chamber  
  40  5:13  Roach x3  
  44  5:22  Spire  
  43  5:36  Hatchery  
  42  5:48  Hatchery, Zerg Ground Armor Level 1, Zerg Missile Weapons Level 1  
  41  6:02  Roach  
  41  6:03  Roach x2  
  47  6:08  Zergling x2  
  47  6:09  Zergling x4  
  50  6:19  Glial Reconstitution  
  50  6:30  Zergling x2  
  50  6:31  Zergling x4  
  53  6:36  Drone x2  
  55  6:51  Infestation Pit  
  54  6:57  Mutalisk  
  54  6:58  Mutalisk  
  50  7:37  Tunneling Claws  
  34  8:31  Mutalisk  
  34  8:32  Mutalisk x9  
  48  9:32  Zergling x2  
  48  9:33  Zergling x22  
Show
View Real Time Build Order
Export as new Build Order

tigro Terran 

Build Orders:  

Get SALT Encoding   

  12  0:03  SCV  
  13  0:15  SCV  
  13  0:21  Supply Depot  
  14  0:27  SCV  
  15  0:33  Refinery  
  15  0:42  SCV  
  16  0:54  SCV  
  16  0:57  Barracks  
  17  1:06  SCV  
  18  1:14  Refinery  
  18  1:18  SCV  
  19  1:31  SCV  
  20  1:43  SCV  
  20  1:44  Marine  
  22  1:54  Barracks  
  22  2:00  Supply Depot  
  22  2:02  Marine  
  23  2:21  Marine  
  23  2:22  SCV  
  25  2:27  Engineering Bay  
  25  2:34  SCV  
  26  2:39  Marine  
  27  2:46  Barracks Tech Lab, Factory, SCV  
  28  2:57  Marine  
  29  3:14  Missile Turret  
  29  3:23  Barracks Tech Lab  
  29  3:24  Marauder  
  30  3:43  Combat Shield  
  30  3:45  Stimpack  
  30  3:50  Marine  
  31  3:57  Factory Tech Lab  
  31  4:06  Starport  
  31  4:19  Supply Depot  
  31  4:40  Marauder, Marine, Siege Tank, SCV  
  38  4:57  Armory  
  38  4:58  Marine  
  39  5:06  Command Center, Orbital Command  
  39  5:32  Starport Tech Lab  
  39  5:46  Fusion Core  
  39  6:03  Medivac  
  41  6:09  Marine  
  42  6:11  Concussive Shells  
  42  6:21  Terran Infantry Weapons Level 1  
  42  6:26  Marine  
  43  6:35  Refinery  
  43  6:39  Planetary Fortress  
  43  6:44  Marine  
  44  6:53  Missile Turret  
  44  7:02  Marine  
  45  7:15  Missile Turret  
  36  7:18  Marine  
  36  7:20  Marine  
  33  7:34  Siege Tank  
  34  7:38  Marauder, Missile Turret  
  31  7:59  Missile Turret  
  29  8:22  SCV  
  26  8:35  Thor, SCV  
  30  8:47  SCV  
  16  9:18  Thor  
  21  9:38  Engineering Bay  
  14  10:05  Barracks  
  7  10:41  Engineering Bay  
  7  10:46  Orbital Command  
  6  10:51  Supply Depot  
  6  10:55  SCV  
  7  11:07  SCV  
  8  11:19  SCV  
  9  11:31  SCV  
  10  11:35  Supply Depot  
  3  12:07  Command Center  
Tags
 
League
Silver
Matchup
TvZ
Opening
Pool First
Replay Pack
MrFercho
Add a new tag
Caveats
  • Supply blocks, unpowered buildings, or Contaminate may cause inaccurate times.
  • Supply counts are checked every 10 seconds.